 Dungeon Crawl Stone Soup version 0.30-a0-364-gf6b3ef1049 (webtiles) character file.

Game seed: 8026875134509020583

51 mcwallace the Trooper (level 3, -14/33 HPs)
             Began as a Minotaur Fighter on Nov 15, 2022.
             Killed by divine providence
             ... invoked by an orc priest
              (15 damage)
             ... on level 3 of the Dungeon.
             The game lasted 00:02:27 (1309 turns).

mcwallace the Trooper (Minotaur Fighter)            Turns: 1309, Time: 00:02:28

Health: -14/33     AC: 17    Str: 26    XL:     3   Next: 58%
Magic:  2/2        EV:  8    Int:  9    God:
Gold:   134        SH:  4    Dex:  9    Spells: 2/2 levels left

rFire   . . .      SeeInvis .    a - +0 war axe {axe}
rCold   . . .      Faith    .    c - +0 buckler
rNeg    . . .      Spirit   .    t - +4 chain mail of Parlour Games {Will- Str+4 Int+4}
rPois   .          Reflect  .    (helmet restricted)
rElec   .          Harm     .    (no cloak)
rCorr   .          Rampage  .    (no gloves)
Will    .....                    (no boots)
Stlth   ..........               (no amulet)
HPRegen 0.25/turn                k - +4 ring of protection
MPRegen 0.08/turn                (no ring)

@: no status effects
A: horns 2, retaliatory headbutt
a: no special abilities


You were on level 3 of the Dungeon.
You visited 1 branch of the dungeon, and saw 3 of its levels.

You collected 134 gold pieces.


Innate Abilities, Weirdness & Mutations

You have a pair of horns on your head.
You reflexively headbutt those who attack you in melee.


   Skills:
 + Level 4.2 Fighting
 + Level 3.1 Axes
 + Level 4.2 Armour
 + Level 4.2 Shields


You had 2 spell levels left.
You didn't know any spells.
Your spell library contained the following spells:

 Spells                   Type           Power      Damage    Failure   Level
 Gell's Gravitas          Tloc           0%         N/A       100%        3
 Teleport Other           Tloc           0%         N/A       100%        3
 Dispersal                Tloc           0%         N/A       100%        6

Inventory:

Hand Weapons
 a - a +0 war axe (weapon) {axe}
Missiles
 e - 2 javelins (quivered) {throwing}
 g - 5 stones {throwing}
 h - 6 boomerangs {throwing}
Armour
 b - a +0 scale mail
 c - a +0 buckler (worn)
 l - a +0 leather armour
   (You found it on level 1 of the Dungeon)
 o - a +0 leather armour
   (You found it on level 2 of the Dungeon)
 t - the +4 chain mail of Parlour Games (worn) {Will- Str+4 Int+4}
   (You found it on level 2 of the Dungeon)

   Str:       It affects your strength (+4).
   Int:       It affects your intelligence (+4).
   Will:      It decreases your willpower.
 u - a +0 leather armour
   (You found it on level 2 of the Dungeon)
Jewellery
 k - a +4 ring of protection (left hand)
   (You found it on level 1 of the Dungeon)
Wands
 q - a wand of iceblast (6)
   (You found it on level 2 of the Dungeon)
Scrolls
 j - a scroll of magic mapping {unknown}
 n - 2 scrolls of enchant weapon {unknown}
 p - a scroll of identify {unknown}
 s - a scroll of immolation {unknown}
Potions
 d - 2 potions of might
 f - a potion of curing {unknown}
 i - a potion of cancellation {unknown}
 m - a potion of haste {unknown}
 r - 2 potions of magic {unknown}

Dungeon Overview and Level Annotations

Branches:
Dungeon (3/15) Zot: 16653

Altars:

###+## ......
......###
........##########
.................#
.................#
........<........#
..............o.(####
######.......@o.?<...
#.......)....###
##########.#.# .# # #


You could see 2 orc priests.


Message History

The hobgoblin shouts!
A hobgoblin is nearby!
A hobgoblin is nearby!
A hobgoblin is nearby!
You block the hobgoblin's attack.
You barely miss the hobgoblin.
The hobgoblin hits you but does no damage.
The hobgoblin closely misses you.
You hit the hobgoblin but do no damage. You headbutt the hobgoblin.
The hobgoblin hits you. 😕 HP[-1]
You take 1 damage, and now have 32/33 hp.
You closely miss the hobgoblin.
The hobgoblin hits you but does no damage. x2 😎 HP[+1]
Your hp is fully restored (33).
A hobgoblin is nearby!
A hobgoblin is nearby!
You hit the hobgoblin.
You kill the hobgoblin!
Key pressed, stopping explore.
No target in view!
Key pressed, stopping explore.
No target in view!
Unknown command.
No target in view!
Key pressed, stopping explore.
Things that are here:
a +0 dagger {short}; a +0 sling; a frilled lizard skeleton Key pressed, stopping explore.
u - a +0 leather armour Done exploring.
Done exploring.
No target in view!
Done exploring.
Done exploring.
No target in view!
Unknown command.
Done exploring.
There is a stone staircase leading down here.
Unknown command.
Unknown command.
You climb downwards.
There is a stone staircase leading up here.
You now have 134 gold pieces (gained 8).
An orc comes into view.
It is wielding a +0 dagger and wearing a +1 ring mail of cold resistance.
The orc shouts!
An orc is nearby!
Found an escape hatch in the ceiling.
An orc comes into view. It is wielding a +0 club.
The orc hits you with a +0 dagger. 😕 HP[-3]
You take 3 damage, and now have 30/33 hp.
You barely miss the orc.
The orc shouts!
You hear a shout!
You block the orc's attack.
You closely miss the orc. You headbutt the orc!
You kill the orc!
An orc priest comes into view. It is wielding a +0 flail.
Things that are here:
a +0 dagger {short}; a +1 ring mail of cold resistance; a +0 robe 😕 HP[+1]
The orc priest shouts!
You hit the orc. You block the orc's attack.
You slash the orc!
You kill the orc!
You closely miss the orc priest. Your headbutt misses the orc priest.
An orc priest comes into view.
It is wielding a +2 flail of holy wrath.
The orc priest closely misses you. 😕 HP[+1]
You barely miss the orc priest.
The orc priest shouts!
The orc priest invokes the aid of Beogh against you.
Pain shoots through your body! The orc priest closely misses you.
The orc priest miscasts a cantrip. 😕 HP[-2]
You take 2 damage, and now have 30/33 hp.
You barely miss the orc priest.
The orc priest mumbles some strange prayers to Beogh against you.
Beogh smites you!
* * * LOW HITPOINT WARNING * * *
You block the orc priest's attack. 😨 HP[-16]
You take 16 damage, and now have 14/33 hp.
MASSIVE DAMAGE!! (PAUSE)
You are too injured to fight recklessly!
You are too injured to fight recklessly!
Unknown command.
You slash the orc priest!
The orc priest calls down the wrath of Beogh upon you.
Beogh smites you!
* * * LOW HITPOINT WARNING * * *
The orc priest hits you but does no damage. 😱 HP[-13]
You take 13 damage, and now have 1/33 hp.
MASSIVE DAMAGE!! (PAUSE)
You closely miss the orc priest. x2; The orc priest barely misses you.
The orc priest calls down the wrath of Beogh upon you.
Beogh smites you!
You die...

Skill      XL: |  1  2 |
---------------+-------+-----
Shields        | 4 |  4.2
Armour         | 4 |  4.2
Fighting       | 4 |  4.2
Axes           | 3 |  3.1

Action                   || total
-------------------------++-------
Melee: War axe           ||    77
       Headbutt          ||     8
Armor: Scale mail        ||    28
       Chain mail        ||     8
Dodge: Dodged            ||    26
Block: Buckler           ||    11

Levels and vault maps discovered:
D:1:      ldierk_water_garden, layout_loops_ring,
          chequers_serial_rivers_small_3, grunt_decor_one_mirror
D:2:      layout_rooms, minmay_misc_feat_tiny
D:3:      layout_basic, kennysheep_nondescript, minmay_surrounded

Notes
Turn   | Place    | Note
-------+----------+-------------------------------------------
     0 | D:1      | mcwallace the Minotaur Fighter began the quest for the Orb.
     0 | D:1      | Reached XP level 1. HP: 19/19 MP: 0/0
     0 | D:1      | magus.rc [v1.9.6]
   118 | D:1      | Reached XP level 2. HP: 27/27 MP: 1/1
   344 | D:1      | Reached skill level 4 in Shields
   389 | D:1      | Reached skill level 4 in Armour
   459 | D:1      | Reached skill level 4 in Fighting
   802 | D:2      | Reached skill level 3 in Axes
   854 | D:2      | Reached XP level 3. HP: 32/33 MP: 2/2
   907 | D:2      | You add the spells Gell's Gravitas, Teleport Other and
                  | Dispersal to your library.
  1022 | D:2      | Identified the +4 chain mail of Parlour Games {Will- Str+4
                  | Int+4}
  1308 | D:3      | HP: 1/33 [orc priest/divine providence (14)]
  1309 | D:3      | Killed from afar by an orc priest

Vanquished Creatures
  An adder (D:2)
  2 orcs (D:3)
  4 endoplasms
  3 goblins
  11 hobgoblins
  2 quokkas
  2 ball pythons
  3 bats
  3 frilled lizards
  4 kobolds
  2 rats (D:1)
  4 toadstools (D:1)
41 creatures vanquished.

Table legend:
 A = Non-vault XP
 B = Vault XP
 C = Vault XP percentage of total XP
 D = Non-vault monster count
 E = Vault monster count
 F = Vault count percentage of total count
                 A         B        C        D         E       F
            +---------+---------+-------+---------+---------+-------
      Total |      74 |       0 |   0.0 |      37 |       0 |   0.0
            +---------+---------+-------+---------+---------+-------
        D:1 |      33 |       0 |   0.0 |      20 |       0 |   0.0
        D:2 |      35 |       0 |   0.0 |      15 |       0 |   0.0
        D:3 |       6 |       0 |   0.0 |       2 |       0 |   0.0
            +---------+---------+-------+---------+---------+-------

Illustrated notes

Table legend:
 A = Kills in this place as a percentage of kills in entire the game.
 B = Kills by you in this place as a percentage of kills by you in the entire game.
 C = Kills by friends in this place as a percentage of kills by friends in the entire game.
 D = Other kills in this place as a percentage of other kills in the entire game.
 E = Experience gained in this place as a percentage of experience gained in the entire game.
 F = Experience gained in this place divided by the number of levels of this place that you have seen.
                   A       B       C       D       E      F
               +-------+-------+-------+-------+-------+----------------------
         Total | 100.0 | 100.0 |   N/A |   N/A | 100.0 |  24.7
       Dungeon | 100.0 | 100.0 |   N/A |   N/A | 100.0 |  24.7
               +-------+-------+-------+-------+-------+----------------------

Table legend: (Time is in decaauts)
 A = Elapsed time spent in this place.
 B = Non-inter-level travel time spent in this place.
 C = Inter-level travel time spent in this place.
 D = Time resting spent in this place.
 E = Time spent auto-exploring this place.
 F = Levels seen in this place.
 G = Mean time per level.
                   A        B        C        D        E       F      G
               +--------+--------+--------+--------+--------+-----+--------+
         Total |   1344 |   1293 |     51 |      0 |   1039 |   3 |  448.0 |
       Dungeon |   1344 |   1293 |     51 |      0 |   1039 |   3 |  448.0 |
               +--------+--------+--------+--------+--------+-----+--------+

Top non-repeatable levels by time:
     D:1: 799 daAuts
     D:2: 523 daAuts
     D:3: 21 daAuts
